 Dungeon Crawl Stone Soup version 0.17-a0-1093-g0b3cd89 (webtiles) character file.

1024 Lugonue the Covert (level 8, -1/50 HPs)
             Began as an Octopode Assassin on May 20, 2015.
             Slain by a gnoll
             ... wielding a +0 halberd
              (15 damage)
             ... on level 5 of the Dungeon.
             The game lasted 00:09:31 (4744 turns).

Lugonue the Covert (Octopode Assassin)              Turns: 4744, Time: 00:09:31

Health: -1/50      AC:  1    Str: 13    XL:     8   Next: 22%
Magic:  8/8        EV: 11    Int: 15    God:
Gold:   81         SH:  3    Dex: 14    Spells: 0 memorised, 7 levels left

rFire  . . .     SeeInvis .     m - +2 dagger (venom)
rCold  . . .     Clarity  .     y - +0 buckler
rNeg   . . .     SustAb   .     A - +0 hat
rPois  .         Gourm    .     o - amulet of faith
rElec  .         Spirit   .     a - +3 ring of strength
rCorr  .         Warding  .     (no ring)
rMut   .         Stasis   .     (no ring)
MR     .....                    (no ring)
Stlth  +++.......               (no ring)
                                (no ring)
                                (no ring)
                                (no ring)

@: glowing, not resistant to hostile enchantments, fairly stealthy
A: almost no armour, amphibious, 8 rings, constrict 8, camouflage 1, gelatinous
body 1
a: no special abilities


You were on level 5 of the Dungeon.
You were not hungry.

You visited 1 branch of the dungeon, and saw 5 of its levels.
You also visited: Sewer.

You collected 217 gold pieces.
You spent 136 gold pieces at shops.

Inventory:

Hand weapons
 b - a +0 blowgun
 l - a +0 dagger of protection
 m - a +2 dagger of venom (weapon)
 q - a +4 quarterstaff of chaos
Missiles
 c - 17 poisoned needles
 d - 8 curare-tipped needles
Armour
 y - a +0 buckler (worn)
 A - a +0 hat (worn)
Magical staves
 v - an uncursed staff of earth
Jewellery
 a - a +3 ring of strength (left tentacle)
 o - an amulet of faith (around mantle)
Magical devices
 t - a wand of confusion (9)
 z - a wand of random effects (30)
Scrolls
 i - a scroll of identify {unknown}
 r - a scroll of magic mapping
 s - 2 scrolls of recharging
 x - a scroll of fear
Potions
 f - 2 potions of flight {unknown}
 g - 7 potions of brilliance {unknown}
 h - a potion of degeneration {unknown}
 k - 9 potions of curing {unknown}
 n - 6 potions of heal wounds {unknown}
 p - a potion of berserk rage {unknown}
 u - a potion of invisibility {unknown}
 w - 2 potions of mutation {unknown}
Comestibles
 e - 2 bread rations
 j - 6 meat rations


   Skills:
 - Level 2.0 Fighting
 * Level 4.6 Short Blades
 - Level 2.0 Throwing
 - Level 1.0 Dodging
 + Level 12.1 Stealth


You had 7 spell levels left.
You didn't know any spells.

Dungeon Overview and Level Annotations

Branches:
Dungeon (5/15)
 Temple: D:4-7

Altars:

Shops:
D:5 [[


Innate Abilities, Weirdness & Mutations

You cannot wear most types of armour.
You are amphibious.
You can wear up to eight rings at the same time.
You can use your tentacles to constrict eight enemies at once.
Your skin changes colour to match your surroundings (Stealth).
Your rubbery body absorbs attacks (AC +1).


Message History

Aim: a gnoll, wielding a club You shoot a poisoned needle.
The poisoned needle barely misses the gnoll.
The gnoll hits you with a club!
Firing (i - inventory. (,) - cycle):
c - 18 poisoned needles (quivered)
Press: ? - help, Shift-Dir - straight line, f - gnoll, p - gnoll
Aim: a gnoll, wielding a halberd You shoot a poisoned needle.
The poisoned needle hits the gnoll!
The gnoll is poisoned.
The gnoll barely misses you. The gnoll hits you with a club.
The gnoll hits you from afar with a halberd.
* * * LOW HITPOINT WARNING * * *
The gnoll barely misses you.
Found a hardcover book.
Wield which item (- for none, * to show all)? (? for menu, Esc to quit)
It begins to drip with poison!
m - a +2 dagger of venom (weapon)
You block the gnoll's attack.
The gnoll hits you from afar with a halberd!
You die...

+...#..≈≈≈.+..≈≈≈≈≈.≈.≈≈≈..##
#...+...##.#.≈♣≈P♣..≈P.♣P♣..#
#...##+#.♣♣♣♣♣.≈♣♣♣♣♣♣...
#+##......+..♣♣.♣P≈P ###
#.........#.....♣♣≈P
#.##......#.....♣.≈♣ #
#...##.#g....♣♣. ....#
.#g....... ##..... #@.......
#......+........
....##+#.:...... ....#
#........ ..... #+#......
...... ...### ...#


You could see 2 gnolls.

Vanquished Creatures
  Sigmund (D:2)
  An orc warrior (D:4)
  A phantom (D:4)
  An ogre (D:3)
  A big kobold (Sewer)
  2 scorpions (D:4)
  A gnoll shaman (D:5)
  Crazy Yiuf (D:4)
  An orc priest (D:4)
  An iguana (D:4)
  An orc wizard (D:4)
  2 worker ants (D:4)
  Robin (D:2)
  3 adders
  A gnoll (D:5)
  4 river rats
  A shadow imp (D:4)
  2 oozes
  2 adder skeletons (D:4)
  3 worms
  3 giant geckos
  9 orcs
  7 ball pythons
  2 bat skeletons (D:4)
  7 giant cockroaches
  12 hobgoblins
  2 quokkas (D:3)
  6 bats
  2 giant newts
  18 goblins
  22 kobolds
  A quokka skeleton (D:4)
  34 rats
156 creatures vanquished.

Notes
Turn   | Place    | Note
--------------------------------------------------------------
     0 | D:1      | Lugonue the Octopode Assassin began the quest for the Orb.
     0 | D:1      | Reached XP level 1. HP: 14/14 MP: 1/1
   141 | D:1      | Reached XP level 2. HP: 19/19 MP: 2/2
   273 | D:1      | Reached skill level 6 in Stealth
   346 | D:1      | Reached skill level 1 in Short Blades
   543 | D:2      | Noticed Sigmund
   551 | D:2      | Killed Sigmund
   551 | D:2      | Reached skill level 8 in Stealth
   551 | D:2      | Reached XP level 3. HP: 24/24 MP: 3/3
   551 | D:2      | Reached XP level 4. HP: 29/29 MP: 4/4
   551 | D:2      | Reached XP level 5. HP: 34/34 MP: 5/5
  1016 | D:2      | Noticed Robin
  1038 | D:2      | Killed Robin
  1398 | D:3      | Reached skill level 9 in Stealth
  1398 | D:3      | Reached XP level 6. HP: 33/39 MP: 6/6
  1547 | D:3      | Found a glowing drain.
  1592 | Sewer    | Entered a sewer
  2403 | Sewer    | Reached skill level 10 in Stealth
  2935 | D:3      | Reached XP level 7. HP: 45/45 MP: 7/7
  3494 | D:4      | Reached skill level 11 in Stealth
  3855 | D:4      | Reached XP level 8. HP: 50/50 MP: 8/8
  4376 | D:4      | Noticed Crazy Yiuf
  4384 | D:4      | Killed Crazy Yiuf
  4384 | D:4      | Reached skill level 12 in Stealth
  4483 | D:5      | Entered Level 5 of the Dungeon
  4619 | D:5      | Found Ovuj's Antique Armour Shoppe.
  4624 | D:5      | Bought a hat for 136 gold pieces
  4678 | D:5      | Found Imog's Armour Shoppe.
  4744 | D:5      | Slain by a gnoll

Vault maps used:
D:1:      dpeg_arrival_refuge
D:2:      kennysheep_cross_room, kennysheep_generic_room_16, uniq_robin,
          uniq_sigmund
D:3:      portal_sewer_entry_a
D:4:      first_bread, minmay_misc_feat_pillars, uniq_crazy_yiuf_cottage
D:5:      minmay_temple_entry_glass, serial_shops, shop,
          nicolae_shop_statue_plus, shop, nicolae_shop_behind_doors,
          nicolae_shop_waterfront, serial_bayou_crossing
Sewer:    sewer_minmay_treatment

Action                   |  1- 3 |  4- 6 |  7- 9 || total
-------------------------+-------+-------+-------++-------
Melee: Dagger            |    31 |   170 |    92 ||   293
 Fire: Blowgun           |     3 |       |     2 ||     5
  Use: Scroll            |       |     3 |     3 ||     6
 Stab: Sleeping          |    10 |    17 |    14 ||    41
       Distracted        |       |     1 |     2 ||     3
  Eat: Chunk             |       |     5 |     2 ||     7
       Pizza             |       |     1 |       ||     1
       Beef jerky        |       |     1 |       ||     1
       Fruit             |       |       |     2 ||     2
